 Dungeon Crawl Stone Soup version 0.24-a0-217-g1152973720 (webtiles) character file.

Game seed: 13432780170132180509

4531 Redear the Thaumaturge (level 10, -4/50 HPs)
             Began as a Deep Elf Fire Elementalist on Mar 30, 2019.
             Was a Believer of Vehumet.
             Shot with an arrow by a centaur (17 damage)
             ... on level 8 of the Dungeon.
             The game lasted 00:47:08 (7090 turns).

Redear the Thaumaturge (Deep Elf Fire Elementalist) Turns: 7090, Time: 00:47:08

Health: -4/50      AC:  8    Str: 11    XL:     10   Next: 17%
Magic:  18/29      EV: 17    Int: 22    God:    Vehumet [**....]
Gold:   429        SH:  0    Dex: 10    Spells: 20/35 levels left

rFire    . . .     SeeInvis .   I - +2 trident (venom)
rCold    . . .     Gourm    .   (no shield)
rNeg     . . .     Faith    .   L - +2 robe of Past Mistakes {rElec Str+4 Dex-5}
rPois    .         Spirit   .   f - +0 helmet
rElec    +         Reflect  .   J - +0 cloak
rCorr    .         Harm     .   z - +0 pair of gloves
MR       +....                  a - +0 pair of boots
Stlth    ++++......             (no amulet)
HPRegen  0.16/turn              W - ring of wizardry {Wiz+}
MPRegen  0.21/turn              j - +5 ring of evasion

@: no status effects
A: no striking features
a: Renounce Religion


You were on level 8 of the Dungeon.
You worshipped Vehumet.
Vehumet was pleased with you.
You were not hungry.

You visited 2 branches of the dungeon, and saw 9 of its levels.

You collected 429 gold pieces.

Inventory:

Hand Weapons
 h - a +0 whip
 q - a +2 dagger of speed
 v - a +2 hunting sling of flaming
 G - a -2 hand axe
 I - a +2 trident of venom (weapon)
 T - a +0 club
Missiles
 l - 4 curare-tipped needles
 E - 321 stones (quivered)
 H - 62 bolts
 K - 22 poisoned needles
 Q - 75 arrows
 X - 4 throwing nets {=f}
 Z - 3 tomahawks
Armour
 a - a +0 pair of boots (worn)
 f - a +0 helmet (worn)
 z - a +0 pair of gloves (worn)
 C - a +0 buckler
 D - the +1 scale mail of the Heavens {+Blink rC- Regen+ Str-5, unknown}
   (You found it on level 4 of the Dungeon)

   It affects your strength (-5).
   It makes you vulnerable to cold.
   It lets you blink.
   It increases your rate of regeneration.
 J - a +0 cloak (worn)
 L - the +2 robe of Past Mistakes (worn) {rElec Str+4 Dex-5}
   (You found it on level 5 of the Dungeon)

   It affects your strength (+4).
   It affects your dexterity (-5).
   It insulates you from electricity.
Jewellery
 j - a +5 ring of evasion (right hand)
 F - an uncursed ring of protection from fire
 N - an uncursed ring of positive energy {rN+}
 S - a +5 ring of dexterity
 W - a ring of wizardry (left hand) {Wiz+}
Wands
 d - a wand of disintegration (3)
 i - a wand of acid (3)
 Y - a wand of flame (14)
Scrolls
 k - 2 scrolls of amnesia
 n - a scroll of random uselessness {unknown}
 r - 2 scrolls of remove curse
 t - 4 scrolls of teleportation
 w - a scroll of acquirement {unknown}
 y - 2 scrolls of enchant armour {unknown}
 A - 3 scrolls of enchant weapon {unknown}
 B - 2 scrolls of blinking {!r}
 M - a scroll of immolation {unknown}
 O - a scroll of magic mapping {unknown}
Potions
 b - a potion of flight
 e - 3 potions of mutation {unknown}
 g - a potion of heal wounds
 m - 2 potions of ambrosia
 o - 3 potions of haste {unknown}
 p - a potion of magic {unknown}
 s - 3 potions of might
 u - 3 potions of curing {unknown}
 x - a potion of agility {unknown}
 P - a potion of invisibility {unknown}
 R - a potion of degeneration {unknown}
 U - a potion of cancellation {unknown}
 V - a potion of berserk rage {unknown}
Comestibles
 c - 16 rations


   Skills:
 - Level 2.4 Dodging
 - Level 9.0 Stealth
 + Level 13.2 Spellcasting
 - Level 6.5 Conjurations
 - Level 7.3 Fire Magic


You had 20 spell levels left.
You knew the following spells:

 Your Spells              Type           Power        Failure   Level  Hunger
a - Flame Tongue          Conj/Fire      #####        1%          1    None
c - Conjure Flame         Conj/Fire      #####...     1%          3    None
f - Fireball              Conj/Fire      #####.....   2%          5    ###....
s - Sticky Flame          Conj/Fire      #####...     1%          4    None
x - Throw Flame           Conj/Fire      #####.       1%          2    None

Your spell library contained the following spells:

 Spells                   Type           Power        Failure   Level  Hunger
 Searing Ray              Conj           #####.       1%          2    None
 Inner Flame              Hex/Fire       ####....     1%          3    None


Dungeon Overview and Level Annotations

Branches:
Dungeon (8/15)             Temple (1/1) D:5            Lair (0/6) D:8

Altars:
Ashenzari
Elyvilon
Gozag
Hepliaklqana
Makhleb
Okawaru
Ru
Sif Muna
Trog
Uskayaw
Vehumet
Zin
The Shining One

Annotations:
D:2 1 runed translucent door, exclusion: Crazy Yiuf, Crazy Yiuf
D:8 Joseph


Message History

The centaur wields a +0 shortbow.
The centaur shoots an arrow.
The arrow hits you!
Joseph zaps a wand.
The puff of flame hits you!
You take 18 damage, and have 28/50 hp.
MASSIVE DAMAGE!!
You now have 18/29 mp.
Unknown command.
You don't know that spell.
Okay, then.
Unknown command.
Unknown command.
Unknown command.
The floor.
Unknown command.
Unknown command.
Joseph shoots a sling bullet.
The sling bullet hits you!
* * * LOW HITPOINT WARNING * * *
The centaur shoots an arrow.
The arrow hits you!
You die...

#......## #.......
#....#.# #.......
#......## .......
#.......# ......
#...#.#.# ##....
#.......# ##. #...
##......#####.... .
..........#........
..........@......#
#...........>..####
.......###.....#
....... #......#
...... #.......#
.... #.......#
##.......c
#.......@.
..........


You could see Joseph and a centaur.

Levels and vault maps discovered:
D:1:      ncdulo_halloftheorcs, layout_loops_corners
D:2:      layout_basic, eat_drink_and_be_merry_uskayaw, serial_glass,
          glass_columns_c, glass_columns_a, feat_on_display, item_on_display_a,
          uniq_crazy_yiuf_cottage
D:3:      layout_rooms, minivault_26
D:4:      layout_basic
D:5:      layout_layer_cave, minmay_temple_entry_arrows, first_ration,
          kennysheep_small_square
D:6:      layout_rooms, kennysheep_nub, chequers_serial_rivers_small_3,
          minmay_crystal_room
D:7:      lemuel_ice_statue, layout_loops_cross,
          gammafunk_temple_overflow_pools, grunt_livestock, uniq_menkaure
D:8:      layout_layer_cave, lemuel_mausoleum_altar_kikubaaqudgha,
          lair_entry_dummy, basic_altar, enter_bailey_2, minmay_misc_feat_five,
          uniq_joseph, uniq_harold
Temple:   compressed_dpeg_circular_temple

Notes
Turn   | Place    | Note
-------+----------+-------------------------------------------
     0 | D:1      | Redear the Deep Elf Fire Elementalist began the quest for
                  | the Orb.
     0 | D:1      | Reached XP level 1. HP: 10/10 MP: 6/6
    76 | D:1      | Identified a ring of wizardry (You found it on level 1 of
                  | the Dungeon)
   139 | D:1      | Identified a +0 helmet (You found it on level 1 of the
                  | Dungeon)
   145 | D:1      | Reached XP level 2. HP: 13/15 MP: 2/8
   219 | D:1      | Identified a +0 dagger
   250 | D:1      | Identified a +0 whip
   265 | D:1      | Learned a level 2 spell: Throw Flame
   307 | D:1      | Identified a +0 whip
   467 | D:1      | Identified a +0 dagger
   575 | D:1      | Identified a ring of evasion (You found it on level 1 of
                  | the Dungeon)
   725 | D:1      | Reached skill level 2 in Conjurations
   777 | D:1      | Identified a +0 dagger
   870 | D:2      | Reached XP level 3. HP: 19/19 MP: 7/10
   906 | D:2      | Identified a +0 short sword
   960 | D:2      | Identified a +0 short sword
   964 | D:2      | Identified a +0 club
  1008 | D:2      | Identified a +0 dagger
  1024 | D:2      | Found a hide-covered altar of Uskayaw.
  1055 | D:2      | Identified a +2 dagger of speed
  1133 | D:2      | Identified a +0 giant club
  1133 | D:2      | Noticed an ogre
  1139 | D:2      | Killed an ogre
  1139 | D:2      | Reached skill level 4 in Spellcasting
  1139 | D:2      | Reached skill level 3 in Conjurations
  1139 | D:2      | Reached skill level 4 in Fire Magic
  1139 | D:2      | Reached XP level 4. HP: 24/24 MP: 0/12
  1237 | D:2      | Identified a +0 club
  1263 | D:2      | Identified a +0 short sword
  1401 | D:2      | Found a runed translucent door.
  1402 | D:2      | Identified a +4 quarterstaff of chaos
  1402 | D:2      | Identified a +0 cloak
  1402 | D:2      | Noticed Crazy Yiuf
  1409 | D:2      | Learned a level 3 spell: Conjure Flame
  1512 | D:3      | Reached XP level 5. HP: 28/28 MP: 8/14
  1565 | D:3      | Identified a +0 cloak (You found it on level 3 of the
                  | Dungeon)
  1623 | D:3      | Redear: ??Flame Tongu
  1623 | D:3      | beem: Flame Tongu ~ flame tongue[1/2]: Spell which throws a
                  | low-power puff of flame two to five spaces. Note that the
                  | max range is {spell power}-dependent - don't expect your
                  | fledgling DEFE to fry anything significantly beyond melee.
                  | 1d14 at max power. To-hit: 11+power/6.
  1623 | D:3      | Redear: ??Flame Tongu [2
  1623 | D:3      | beem: Flame Tongu ~ flame tongue[2/2]: i like flame tongue
                  | because it basically integrates the worst features of
                  | mdart, sandblast, and shock with none of the advantages
  1623 | D:3      | Redear: ??Throw Flame
  1623 | D:3      | beem: throw flame[1/1]: Level 2 fire/conjuration spell,
                  | identical (with only difference being range) to throw
                  | frost. Does 2d9 damage at max power. To-hit: 8+power/10.
  1623 | D:3      | Identified a +0 whip
  1625 | D:3      | Identified a +0 club
  1626 | D:3      | Identified a +0 whip
  1627 | D:3      | Reached skill level 5 in Spellcasting
  1627 | D:3      | Identified a +0 spear
  2090 | D:3      | Reached skill level 5 in Fire Magic
  2209 | D:3      | Identified an amulet of inaccuracy (You found it on level 3
                  | of the Dungeon)
  2211 | D:3      | Identified a ring of positive energy (You found it on level
                  | 2 of the Dungeon)
  2248 | D:4      | Identified a +0 hand axe
  2248 | D:4      | Identified a +0 leather armour
  2287 | D:4      | Reached XP level 6. HP: 32/32 MP: 11/16
  2311 | D:4      | Identified a +0 short sword
  2553 | D:4      | Reached skill level 4 in Conjurations
  2657 | D:4      | Identified a +0 giant spiked club
  2664 | D:4      | Reached skill level 6 in Spellcasting
  2848 | D:4      | Got a distressingly furry scale mail
  3063 | D:4      | Learned a level 5 spell: Fireball
  3064 | D:5      | Entered Level 5 of the Dungeon
  3135 | D:5      | Noticed a sky beast
  3140 | D:5      | Killed a sky beast
  3140 | D:5      | Reached XP level 7. HP: 36/36 MP: 4/18
  3253 | D:5      | Identified 4 scrolls of identify
  3253 | D:5      | Identified 3 scrolls of remove curse
  3254 | D:5      | Identified 3 scrolls of teleportation
  3255 | D:5      | Identified 2 potions of might
  3256 | D:5      | Identified 2 scrolls of blinking
  3262 | D:5      | Identified a +0 pair of gloves (You found it on level 4 of
                  | the Dungeon)
  3424 | D:5      | Identified a +0 cloak (You found it on level 5 of the
                  | Dungeon)
  3432 | D:5      | Identified a +0 short sword
  3432 | D:5      | Identified a +0 scale mail
  3454 | D:5      | Got a faintly glowing robe
  3479 | D:5      | Found a staircase to the Ecumenical Temple.
  3493 | Temple   | Entered the Ecumenical Temple
  3517 | Temple   | Became a worshipper of Vehumet
  3603 | D:5      | Reached skill level 5 in Conjurations
  3603 | D:5      | Reached skill level 6 in Fire Magic
  3689 | D:5      | Identified a +0 mace
  3692 | D:5      | Identified a +0 morningstar
  3694 | D:5      | Identified a +2 war axe of freezing
  3914 | D:6      | Identified a +0 dagger
  3914 | D:6      | Identified a +0 robe
  3914 | D:6      | Identified a +0 hand axe
  3914 | D:6      | Identified a +0 ring mail
  3914 | D:6      | Identified a +0 short sword
  3914 | D:6      | Identified a cursed -1 hand axe
  3972 | D:6      | Reached skill level 7 in Spellcasting
  3986 | D:5      | Identified the +2 robe of Past Mistakes {rElec Str+4 Dex-5}
                  | (You found it on level 5 of the Dungeon)
  3987 | D:5      | Identified a ring of protection from fire (You found it on
                  | level 4 of the Dungeon)
  3992 | D:5      | Identified 2 scrolls of amnesia
  4035 | D:5      | Redear: ??Throw Flame
  4035 | D:5      | beem: throw flame[1/1]: Level 2 fire/conjuration spell,
                  | identical (with only difference being range) to throw
                  | frost. Does 2d9 damage at max power. To-hit: 8+power/10.
  4035 | D:5      | Redear: ??sticky flame
  4035 | D:5      | beem: sticky flame[1/6]: A level 4 fire/conjurations spell.
                  | Causes constant fire damage (2d4 - 1 per turn) to an
                  | adjacent target. When your character is covered in sticky
                  | flame, it shows as "Fire" on your HUD.
  4035 | D:5      | Redear: ??sticky flame [2
  4035 | D:5      | beem: sticky flame[2/6]: Hitting something with sticky
                  | flame again when it's still burning does trivial damage and
                  | restarts the duration. Mottled dragons, shadows, shadow
                  | wraiths, smoke demons, and other insubstantial monsters
                  | aren't absorbent enough for sticky flame to take hold.
  4035 | D:5      | Redear: ??sticky flame [3
  4035 | D:5      | beem: sticky flame[3/6]: Hitting an invisible enemy with
                  | sticky flame will make it visible.
  4035 | D:5      | Redear: ??sticky flame [4
  4035 | D:5      | beem: sticky flame[4/6]: Note that stepping into water will
                  | extinguish the "Fire" effect. This applies to enemies, too.
                  | Flying does not prevent dipping into the water. Try using a
                  | phial of floods to make water!
  4035 | D:5      | Redear: ??sticky flame [5
  4035 | D:5      | beem: sticky flame[5/6]: Sheep have a 50% chance to spread
                  | sticky flame to other sheep with duration dur/2 + 1d(dur).
                  | Xom finds this hilarious.
  4035 | D:5      | Redear: ??sticky flame
  4035 | D:5      | beem: sticky flame[1/6]: A level 4 fire/conjurations spell.
                  | Causes constant fire damage (2d4 - 1 per turn) to an
                  | adjacent target. When your character is covered in sticky
                  | flame, it shows as "Fire" on your HUD.
  4035 | D:5      | Redear: ??sticky flame [6
  4035 | D:5      | beem: sticky flame[6/6]:
                  | https://www.youtube.com/watch?v=K-QMFn1joMU
  4040 | D:5      | Learned a level 4 spell: Sticky Flame
  4441 | D:5      | Identified a cursed -2 hand axe (You found it on level 4 of
                  | the Dungeon)
  4453 | D:5      | Identified a +2 trident of venom (You found it on level 5
                  | of the Dungeon)
  4534 | D:5      | Identified a +0 halberd
  4535 | D:5      | Identified a +0 flail
  4535 | D:5      | Identified a +0 spear
  4535 | D:5      | Identified a +0 ring mail
  4661 | D:6      | Identified a +0 dagger
  4661 | D:6      | Identified a +0 robe
  4661 | D:6      | Identified a +0 war axe
  4661 | D:6      | Identified a +0 leather armour
  4662 | D:6      | Identified a +0 dagger
  4662 | D:6      | Identified a +0 robe
  4665 | D:6      | Identified a +0 flail
  4665 | D:6      | Identified a +0 scale mail
  4668 | D:6      | Reached XP level 8. HP: 34/41 MP: 8/21
  4730 | D:6      | Identified a +0 flail
  4730 | D:6      | Identified a +0 scale mail
  4735 | D:6      | Reached * piety under Vehumet
  4735 | D:6      | Offered knowledge of Shock by Vehumet.
  4833 | D:6      | Reached skill level 6 in Conjurations
  4891 | D:6      | Identified a +0 giant club
  4897 | D:6      | Reached skill level 8 in Spellcasting
  4897 | D:6      | Reached skill level 7 in Fire Magic
  4968 | D:6      | Identified a +0 giant club
  5058 | D:6      | Identified a +0 falchion
  5092 | D:6      | Identified a cursed -1 dagger
  5092 | D:6      | Identified a +4 ring mail
  5092 | D:6      | Identified a +0 war axe of chopping
  5092 | D:6      | Identified a +0 ring mail
  5105 | D:6      | Identified a +0 club
  5105 | D:6      | Identified a +0 dagger
  5105 | D:6      | Identified a +0 robe
  5105 | D:6      | Identified a +0 dagger
  5105 | D:6      | Identified a +0 robe
  5167 | D:7      | Identified a cursed -2 spear
  5167 | D:7      | Identified a +0 robe
  5167 | D:7      | Identified a +4 scimitar
  5167 | D:7      | Identified a +0 robe
  5168 | D:7      | Identified a +3 morningstar
  5168 | D:7      | Identified a +0 robe
  5169 | D:7      | Reached skill level 3 in Stealth
  5339 | D:7      | Reached skill level 4 in Stealth
  5339 | D:7      | Reached skill level 9 in Spellcasting
  5414 | D:7      | Noticed an ice statue
  5570 | D:7      | Killed an ice statue
  5570 | D:7      | Reached skill level 5 in Stealth
  5570 | D:7      | Reached XP level 9. HP: 45/45 MP: 13/24
  5661 | D:7      | Identified a +0 giant club
  5705 | D:7      | Found a hazy altar of Hepliaklqana.
  5705 | D:7      | Found a burning altar of Makhleb.
  5705 | D:7      | Identified a +0 trident
  5705 | D:7      | Identified a +0 leather armour
  5705 | D:7      | Identified a +0 short sword
  5705 | D:7      | Identified a +0 leather armour
  5705 | D:7      | Identified a cursed +0 chain mail
  5705 | D:7      | Identified a +0 club
  5705 | D:7      | Identified a +0 scale mail
  5707 | D:7      | Noticed Menkaure
  5708 | D:7      | Killed Menkaure
  5708 | D:7      | Reached skill level 6 in Stealth
  5708 | D:7      | Reached skill level 10 in Spellcasting
  5708 | D:7      | Identified a +0 club
  5786 | D:7      | Identified a +0 flail
  5787 | D:7      | Identified a +0 shortbow
  5787 | D:7      | Identified a +0 falchion
  5787 | D:7      | Identified a +0 leather armour
  5789 | D:7      | Identified a +1 short sword of holy wrath
  5789 | D:7      | Identified a +0 plate armour
  5789 | D:7      | Identified a +0 dagger
  5789 | D:7      | Identified a +0 scale mail
  5790 | D:7      | Identified a +0 club
  5794 | D:7      | Identified a +0 flail
  5797 | D:7      | Identified a +0 trident
  5797 | D:7      | Identified a +0 scale mail
  5797 | D:7      | Identified a +0 buckler
  5799 | D:7      | Identified a +0 whip
  6018 | D:7      | Identified a +0 club
  6022 | D:7      | Offered knowledge of Sandblast by Vehumet.
  6026 | D:7      | Reached ** piety under Vehumet
  6026 | D:7      | Reached skill level 7 in Stealth
  6029 | D:7      | Identified a +0 spear (You took it off a gnoll on level 7
                  | of the Dungeon)
  6104 | D:7      | Identified a +0 spear
  6105 | D:7      | Identified a +0 spear
  6105 | D:7      | Identified a cursed +0 ring mail
  6105 | D:7      | Identified a +0 buckler
  6106 | D:7      | Identified a +0 whip
  6296 | D:7      | Identified a +0 hand axe
  6296 | D:7      | Identified a +0 animal skin
  6304 | D:7      | Reached skill level 11 in Spellcasting
  6308 | D:7      | Reached skill level 8 in Stealth
  6413 | D:7      | Reached skill level 9 in Stealth
  6593 | D:7      | Identified a ring of dexterity (You found it on level 7 of
                  | the Dungeon)
  6601 | D:7      | Identified a +0 pair of boots (You found it on level 5 of
                  | the Dungeon)
  6601 | D:7      | Identified 2 potions of flight
  6602 | D:7      | Identified 2 potions of ambrosia
  6687 | D:8      | Identified a +0 long sword
  6687 | D:8      | Identified a +0 scale mail
  6687 | D:8      | Noticed Harold
  6689 | D:8      | Identified a +0 mace
  6690 | D:8      | Identified a +0 chain mail
  6692 | D:8      | Identified a +0 war axe
  6706 | D:7      | Killed Harold
  6706 | D:7      | Reached skill level 12 in Spellcasting
  6706 | D:7      | Reached XP level 10. HP: 19/50 MP: 6/28
  6712 | D:7      | Offered knowledge of Searing Ray by Vehumet.
  6906 | D:8      | Identified a +0 shortbow
  6928 | D:8      | Reached skill level 13 in Spellcasting
  6962 | D:8      | Found a glowing silver altar of Zin.
  7020 | D:8      | Identified a +0 short sword
  7020 | D:8      | Identified a +0 leather armour
  7023 | D:8      | Identified a +0 dagger
  7023 | D:8      | Identified a +0 robe
  7024 | D:8      | Identified a +1 dagger of venom
  7024 | D:8      | Identified a +0 ring mail
  7027 | D:8      | Identified a +0 dagger
  7027 | D:8      | Identified a +0 robe
  7049 | D:8      | Found a staircase to the Lair.
  7056 | D:8      | Identified a +2 quarterstaff of crushing
  7056 | D:8      | Identified a +0 hunting sling
  7056 | D:8      | Identified a +0 ring mail
  7056 | D:8      | Noticed Joseph
  7088 | D:8      | Identified a +0 shortbow
  7090 | D:8      | Shot with an arrow by a centaur

Table legend:
 A = Turns spent in this place as a percentage of turns spent in the entire game.
 B = Non-inter-level travel turns spent in this place as a percentage of non-inter-level travel turns spent in the entire game.
 C = Inter-level travel turns spent in this place as a percentage of turns spent in this place.
 D = Turns resting spent in this place as a percentage of non-inter-level travel turns spent in this place.
 E = Turns spent auto-exploring this place as a percentage of non-inter-level travel turns spent in this place.
 F = Non-inter-level travel turns spent in this place divided by the number of levels of this place that you've seen.
                   A       B       C       D       E      F
               +-------+-------+-------+-------+-------+----------------------
         Total | 100.0 | 100.0 |   4.9 |  11.2 |  53.2 | 749.1
       Dungeon |  99.3 |  99.2 |   4.9 |  11.3 |  53.4 | 836.1
        Temple |   0.7 |   0.8 |   0.0 |   0.0 |  30.2 |  53.0
               +-------+-------+-------+-------+-------+----------------------

Table legend:
 A = Kills in this place as a percentage of kills in entire the game.
 B = Kills by you in this place as a percentage of kills by you in the entire game.
 C = Kills by friends in this place as a percentage of kills by friends in the entire game.
 D = Other kills in this place as a percentage of other kills in the entire game.
 E = Experience gained in this place as a percentage of experience gained in the entire game.
 F = Experience gained in this place divided by the number of levels of this place that you have seen.
                   A       B       C       D       E      F
               +-------+-------+-------+-------+-------+----------------------
         Total | 100.0 | 100.0 |   N/A |   N/A | 100.0 | 719.2
       Dungeon | 100.0 | 100.0 |   N/A |   N/A | 100.0 | 809.1
               +-------+-------+-------+-------+-------+----------------------

Skill      XL: |  1  2  3  4  5  6  7  8  9 10 |
---------------+-------------------------------+-----
Conjurations   | 2 3 4 5 6 |  6.5
Spellcasting   | 4 5 6 7 9 12 13 | 13.2
Fire Magic     | 4 5 6 7 |  7.3
Stealth        | 5 9 |  9.0
Dodging        | |  2.4

Action                   |  1- 3 |  4- 6 |  7- 9 | 10-12 || total
-------------------------+-------+-------+-------+-------++-------
Melee: Whip              |     2 |       |       |       ||     2
       Dagger            |       |    27 |   237 |       ||   264
       Trident           |       |       |    77 |     6 ||    83
       Hand axe          |       |       |     7 |       ||     7
Throw: Stone             |       |       |    14 |       ||    14
 Cast: Flame Tongue      |    64 |    68 |    27 |       ||   159
       Throw Flame       |     4 |    26 |   102 |    26 ||   158
       Conjure Flame     |       |     1 |     1 |       ||     2
       Sticky Flame      |       |       |    12 |       ||    12
       Fireball          |       |       |    27 |       ||    27
Evoke: Wand              |       |       |     5 |     1 ||     6
  Use: Scroll            |       |       |     8 |       ||     8
       Potion            |       |       |     1 |       ||     1
 Stab: Sleeping          |       |       |     2 |       ||     2
  Eat: Chunk             |       |     6 |    14 |     1 ||    21
       Ration            |       |       |     1 |       ||     1
Armor: Robe              |     2 |     4 |    65 |     2 ||    73
Dodge: Dodged            |    13 |    29 |   207 |     6 ||   255

Vanquished Creatures
  Harold (D:7)
  An ice statue (D:7)
  A human (D:7)
  4 hogs (D:7)
  Menkaure (D:7)
  An orc warrior (D:7)
  An ice beast (D:8)
  A hornet zombie (D:7)
  A sky beast (D:5)
  A black bear (D:8)
  A phantom (D:7)
  5 ogres
  2 centaurs
  A bullfrog (D:7)
  3 gnoll sergeants
  2 scorpions
  2 howler monkeys
  3 wights (D:7)
  2 crimson imps (D:5)
  A centaur skeleton (D:5)
  7 orc wizards
  3 orc priests
  4 bullfrog skeletons
  A jelly (D:5)
  4 worker ants
  A hound zombie (D:6)
  A worker ant zombie (D:6)
  14 gnolls
  13 adders
  A shadow imp (D:8)
  3 adder skeletons
  An adder zombie (D:6)
  3 worms
  3 dart slugs
  9 leopard geckos
  30 orcs
  5 giant cockroaches
  7 goblins
  6 hobgoblins
  4 quokkas
  4 bats
  4 frilled lizards
  A giant cockroach zombie (D:6)
  8 kobolds
  A leopard gecko zombie (D:6)
  8 rats
181 creatures vanquished.
